 Dungeon Crawl Stone Soup version 0.21-a0-91-ga5031da (webtiles) character file.

30 4thArraOfDagon the Skirmisher (level 3, 0/29 HPs)
             Began as a Demonspawn Chaos Knight on June 30, 2017.
             Slain by an orc wizard
             ... wielding a +0 dagger
              (3 damage)
             ... on level 3 of the Dungeon.
             The game lasted 00:01:16 (722 turns).

4thArraOfDagon the Skirmisher (DsCK)                 Turns: 722, Time: 00:01:17

Health: 0/29       AC:  5    Str: 12      XL:     3   Next: 3%
Magic:  0/3        EV: 16    Int: 14      God:    Xom [*.....]
Gold:   24         SH:  0    Dex: 11 (19) Spells: 2/2 levels left

rFire    . . .     SeeInvis .   a - +0 falchion (chaos)
rCold    . . .     Gourm    .   (no shield)
rNeg     . . .     Faith    .   b - +2 leather armour
rPois    .         Spirit   +   (no helmet)
rElec    .         Reflect  .   (no cloak)
rCorr    .         Harm     .   (no gloves)
MR       .....                  (no boots)
Stlth    ++........             (no amulet)
HPRegen  0.09/turn              (no ring)
MPRegen  0.08/turn              (no ring)

@: agile, very slightly contaminated
A: talons 1, agile 1, sense surroundings 1, evolution 1, magic shield
a: Renounce Religion


You were on level 3 of the Dungeon.
You worshipped Xom.
You were a special plaything of Xom.
You were not hungry.

You visited 1 branch of the dungeon, and saw 3 of its levels.

You collected 24 gold pieces.

Inventory:

Hand Weapons
 a - a +0 falchion of chaos (weapon)
Missiles
 g - 4 poisoned tomahawks (quivered)
Armour
 b - a +2 leather armour (worn)
Scrolls
 e - a scroll of immolation {unknown}
 f - a scroll of identify {unknown}
Potions
 d - 2 potions of invisibility
Comestibles
 c - a bread ration


   Skills:
 + Level 3.3 Fighting
 * Level 3.2 Long Blades
 + Level 1.9 Armour
 + Level 1.4 Dodging


You had 2 spell levels left.
You didn't know any spells.

Dungeon Overview and Level Annotations

Branches:
Dungeon (3/15)

Altars:


Innate Abilities, Weirdness & Mutations

You have sharp toenails.
When hurt, damage is shared between your health and your magic reserves.
You are agile. (Dex +2)
You passively map a small area around you.
You evolve.


Message History

The orc wizard is heavily wounded.
Unknown command.
You barely miss the orc wizard.
The orc wizard is heavily wounded.
The bat misses you.
You riposte.
You miss the bat. The orc wizard closely misses you.
The orc closely misses you.
Unknown command.
Unknown command.
You hit the orc wizard.
The orc wizard is severely wounded.
You flicker back into view.
The goblin shouts!
The bat misses you. The orc wizard barely misses you.
The orc completely misses you. The orc hits you with a club.
* * * LOW HITPOINT WARNING * * *
The orc hits you with a mace.
* * * LOW HITPOINT WARNING * * *
The orc wizard hits you with a dagger.
You die...
Xom cackles wildly!

* * , * ,* * , ,
** ,* * ##.
#,##### ,#.. *
#.#?..# .?
####.#.oo### *..
,,
#../...@o..####
* * *#.
*#.##....o......
###. , ,
#....b.>#### *
#...
..........## *#
, ..##...g..##
** * # .
.........# , ,#
, ........#..# #
, ..#######..#
,# .. ** #..# ,*
, , .


You could see an orc wizard, 3 orcs, a goblin and a bat.

Vanquished Creatures
  A worm (D:3)
  A dart slug (D:1)
  A leopard gecko (D:2)
  5 orcs (D:3)
  A ball python (D:2)
  A bat (D:2)
  A goblin (D:1)
  4 jackals (D:1)
  A frilled lizard (D:1)
  A rat (D:1)
17 creatures vanquished.

Notes
Turn   | Place    | Note
-------+----------+-------------------------------------------
     0 | D:1      | 4thArraOfDagon the Demonspawn Chaos Knight began the quest for the Orb.
     0 | D:1      | Reached XP level 1. HP: 18/18 MP: 1/1
    36 | D:1      | Reached skill level 1 in Dodging
    38 | D:1      | XOM: silly message
    47 | D:1      | Gained mutation: You have sharp toenails. [demonic ancestry]
    47 | D:1      | Reached XP level 2. HP: 22/24 MP: 2/2
    60 | D:1      | XOM: summons 1 hostile demon
   680 | D:3      | Gained mutation: You evolve. [potion of mutation]
   680 | D:3      | Gained mutation: You are agile. (Dex +2) [potion of mutation]
   680 | D:3      | Gained mutation: You passively map a small area around you. [potion of mutation]
   715 | D:3      | XOM: 4-stop teleportation journey
   720 | D:3      | Gained mutation: When hurt, damage is shared between your health and your magic reserves. [demonic ancestry]
   720 | D:3      | Reached XP level 3. HP: 10/29 MP: 3/3
   722 | D:3      | Slain by an orc wizard

Vault maps used:
D:1:      lightli_arrival_windingriver
D:2:      uniq_robin
D:3:      first_bread

Skill      XL: |  1 |
---------------+----+-----
Dodging        | 1 |  1.4
Long Blades    | 3 |  3.2
Fighting       | |  3.3
Armour         | |  1.9

Action                   || total
-------------------------++-------
Melee: Falchion          ||    63
       Kick              ||     8
  Use: Potion            ||     3
 Stab: Invisible         ||     4
Armor: Leather armour    ||    49
Dodge: Dodged            ||    87
       Rpst.: Falchion   ||    19
